 Dungeon Crawl Stone Soup version 0.28.0-47-ge53b351184 (webtiles) character file.

Game seed: 1329924155508150284

54 Revguard the Insei (level 3, -5/27 HPs)
             Began as a Demonspawn Transmuter on May 5, 2022.
             Slain by Terence
             ... wielding a +0 flail
              (7 damage)
             ... on level 2 of the Dungeon.
             The game lasted 00:05:55 (2018 turns).

Revguard the Insei (Demonspawn Transmuter)          Turns: 2018, Time: 00:05:55

Health: -5/27      AC:  3    Str: 12    XL:     3   Next: 66%
Magic:  6/6        EV: 12    Int: 20    God:
Gold:   20         SH:  0    Dex: 13    Spells: 3/6 levels left

rFire   + . .      SeeInvis .     - Unarmed
rCold   + . .      Faith    .   (no shield)
rNeg    + . .      Spirit   .   a - +0 robe
rPois   +          Reflect  .   (helmet currently unavailable)
rElec   +          Harm     .   (no cloak)
rCorr   +          Rampage  .   c - +0 pair of gloves
Will    .....                   (boots currently unavailable)
Stlth   +.........              (no amulet)
HPRegen 0.09/turn               f - ring of positive energy
MPRegen 0.10/turn               g - +6 ring of intelligence

@: appendages, resistant
A: horns 2, talons 2, ignite blood 1, weakness stinger 1
a: End Transformation


You were on level 2 of the Dungeon.
You had temporarily grown beastly horns and talons.
You visited 1 branch of the dungeon, and saw 2 of its levels.

You collected 20 gold pieces.

Inventory:

Armour
 a - a +0 robe (worn)
 c - a +0 pair of gloves (worn)
Jewellery
 f - a ring of positive energy (left hand)
 g - a +6 ring of intelligence (right hand)
Scrolls
 d - a scroll of torment {unknown}
 i - a scroll of blinking
Potions
 b - a potion of attraction
 e - a potion of haste


   Skills:
 + Level 1.7 Fighting
 + Level 1.0 Armour
 + Level 2.1 Dodging
 + Level 3.0 Unarmed Combat
 + Level 2.3 Spellcasting
 + Level 2.1 Transmutations


You had 3 spell levels left.
You knew the following spells:

 Your Spells              Type           Power      Damage    Failure   Level
a - Beastly Appendage     Tmut           22%        N/A       6%          1
b - Wereblood             Tmut           11%        N/A       10%         2

Your spell library contained the following spells:

 Spells                   Type           Power      Damage    Failure   Level
 Spider Form              Tmut/Pois      6%         N/A       28%         3
 Ice Form                 Ice/Tmut       6%         N/A       67%         4


Dungeon Overview and Level Annotations

Branches:
Dungeon (2/15)

Altars:

Shops:
D:2 (

Annotations:
D:2 Terence


Innate Abilities, Weirdness & Mutations

You have temporarily grown beastly horns and talons.
Your demonic aura sometimes causes spilled blood to erupt in flames.
You have a small tail.


Message History

You see here a +0 pair of gloves.
c - a +0 pair of gloves You start putting on your armour.
You continue putting on your +0 pair of gloves. x4
You finish putting on your +0 pair of gloves.
d - a scroll labelled MYJAIC BIN
h - a lumpy golden potion
Found a stone staircase leading up.
An endoplasm comes into view.
An endoplasm is nearby!
Found a scroll of blinking.
The endoplasm hits you. The endoplasm freezes you.
You are frozen.
You hit the endoplasm.
You kill the endoplasm!
HP restored.
i - a scroll of blinking Terence the Incautious comes into view.
He is wielding a +0 flail.
Terence shouts!
Casting: Beastly Appendage (safe; 6% risk of failure)
Press: ? - help, Q - select action, (/) - cycle Dir - look around, f - activate You grow a pair of large bovine horns.
Your feet morph into talons.
Terence hits you with a +0 flail! Terence closely misses you.
You closely miss Terence. You claw Terence, but do no damage.
Terence completely misses you.
You barely miss Terence.
Terence says, "Rest in peace."
Terence hits you with a +0 flail.
You barely miss Terence. You claw Terence.
Terence is lightly wounded.
Terence hits you with a +0 flail!
* * * LOW HITPOINT WARNING * * *
It was a potion of resistance.
You feel protected. Terence hits you with a +0 flail.
* * * LOW HITPOINT WARNING * * *
Terence hits you with a +0 flail!
You die...

#.# # #.# ## #.# #.
######## ####.#### #.
#......# #..<.>..# #.
#......# #.##.##.#####.
#......###.##.##.#.....
#..........##.......)..
#.....@# #.##.##.#.....
#.....@# #.##.##.###.#.
#......###.......# #.#.
#######.......#### #.#.
#.##.#..## #.#.
##.##.#...# #.##
#.........# #...
#..####...### #
#...........## #


You could see Terence.

Vanquished Creatures
  A gnoll (D:1)
  3 dart slugs (D:1)
  3 bats (D:1)
  5 endoplasms
  2 giant cockroaches (D:1)
  3 hobgoblins (D:1)
  3 jackals (D:1)
  4 ball pythons (D:1)
  4 goblins (D:1)
  4 kobolds
  3 rats (D:1)
35 creatures vanquished.

Notes
Turn   | Place    | Note
-------+----------+-------------------------------------------
     0 | D:1      | Revguard the Demonspawn Transmuter began the quest for the
                  | Orb.
     0 | D:1      | Reached XP level 1. HP: 15/15 MP: 3/3
   196 | D:1      | Gained mutation: Your demonic aura sometimes causes spilled
                  | blood to erupt in flames. [demonic ancestry]
   196 | D:1      | Reached XP level 2. HP: 18/21 MP: 3/5
   199 | D:1      | Learned a level 2 spell: Wereblood
  1045 | D:1      | Gained mutation: You have a small tail. [demonic ancestry]
  1045 | D:1      | Reached XP level 3. HP: 23/26 MP: 4/6
  1170 | D:1      | Reached skill level 1 in Armour
  1331 | D:1      | Reached skill level 3 in Unarmed Combat
  1805 | D:2      | Found Byabbid's Weapon Emporium.
  2008 | D:2      | Noticed Terence
  2018 | D:2      | Slain by Terence

Illustrated notes

Levels and vault maps discovered:
D:1:      lightli_arrival_boilingwater, layout_basic
D:2:      layout_loops_cross, shapermc_ecumenical_altar_pompeii, serial_shops,
          shop, amcnicky_mini_corridor_feature, hangedman_decor_growths,
          uniq_terence, uniq_natasha

Skill      XL: |  1  2  3 |
---------------+----------+-----
Dodging        | 2 |  2.1
Transmutations | 2 |  2.1
Armour         | 1 |  1.0
Unarmed Combat | 3 |  3.0
Fighting       | |  1.7
Spellcasting   | |  2.3

Action                   || total
-------------------------++-------
Melee: Unarmed           ||    91
       Kick              ||    19
       Headbutt          ||    15
       Punch             ||     2
       Tailslap          ||     3
 Cast: Beastly Appendage ||    26
       Wereblood         ||     1
  Use: Scroll            ||     4
       Potion            ||     1
 Stab: Sleeping          ||     1
Armor: Robe              ||    22
Dodge: Dodged            ||    51
